 Dungeon Crawl Stone Soup version 0.31-a0-202-g547052bce9 (webtiles) character file.

Game seed: 4381078984947966718

12572 freelancePsychic the Pandemonic (level 11, -5/115 HPs)
             Began as a Troll Wanderer on June 26, 2023.
             Was a High Priest of Makhleb.
             Slain by an efreet
             ... wielding a +2 scimitar of flaming
              (7 damage)
             ... in a Gauntlet.
             The game lasted 00:15:22 (9030 turns).

freelancePsychic the Pandemonic (Troll Wanderer)    Turns: 9030, Time: 00:15:23

Health: -5/115     AC: 12    Str: 21    XL:     11   Next: 64%
Magic:  17/17      EV:  9    Int:  7    God:    Makhleb [*****.]
Gold:   338        SH:  0    Dex: 15    Spells: 12/12 levels left

rFire   + .          .
                       - Unarmed
rCold   + . .        (no shield)
rNeg    . . .        d - +2 steam dragon scales
rPois   +            c - +0 hat
rElec   +            u - +2 cloak {rPois}
rCorr   +            (gloves unavailable)
SInv    .            (boots unavailable)
Will    .....        (no amulet)
Stlth   ++           (no ring)
HPRegen 1.19/turn    (no ring)
MPRegen 0.15/turn

%: no teleportation
@: resistant
A: large, unfitting armour, claws 3, regeneration 1, shaggy fur 1, tough skin 1
a: Renounce Religion, Minor Destruction, Lesser Servant of Makhleb, Major
Destruction, Greater Servant of Makhleb


You were in a Gauntlet.
You worshipped Makhleb.
Makhleb was extremely pleased with you.
You visited 1 branch of the dungeon, and saw 11 of its levels.
You also visited: Gauntlet.

You collected 537 gold pieces.
You spent 199 gold pieces at shops.

Inventory:

Hand Weapons
 b - a +1 quarterstaff
Missiles
 k - 6 javelins
 p - 28 poisoned darts
Armour
 c - a +0 hat (worn)
 d - +2 steam dragon scales (worn)
 e - a +0 robe
 u - a +2 cloak of poison resistance (worn)
Jewellery
 s - a +6 ring of strength
 A - a ring of resist corrosion
Wands
 l - a wand of digging (4)
 q - a wand of flame (15)
 r - a wand of mindburst (11)
 t - a wand of paralysis (2)
 y - a wand of light (14)
Scrolls
 a - a scroll of revelation
 f - a scroll of blinking
 g - a scroll of amnesia
 h - 2 scrolls of torment
 n - 2 scrolls of teleportation {@r4}
 o - 3 scrolls of immolation
 w - 4 scrolls of poison
 z - 2 scrolls of noise
 G - a scroll of brand weapon
Potions
 j - 2 potions of degeneration
 m - 3 potions of attraction
 B - a potion of lignification
 C - a potion of might
 E - a potion of mutation


   Skills:
 + Level 9.4 Fighting
 + Level 7.7(7.9) Axes
 - Level 2.4(5.5) Polearms
 - Level 1.0(1.8) Staves
 - Level 1.0 Dodging
 - Level 1.5 Stealth
 - Level 5.6 Unarmed Combat
 - Level 1.0 Spellcasting
 + Level 9.8 Invocations


You had 12 spell levels left.
You didn't know any spells.
Your spell library contained the following spells:

 Spells                   Type           Power      Damage    Failure   Level
 Beastly Appendage        Tmut           0%         N/A       38%         1
 Blink                    Tloc           0%         N/A       54%         2
 Cigotuvi's Dreadful Rot  Necr/Pois/Air  0%         N/A       54%         2
 Ensorcelled Hibernation  Hex/Ice        0%         N/A       54%         2
 Lesser Beckoning         Tloc           0%         N/A       54%         2
 Momentum Strike          Conj/Tloc      0%         3d8       54%         2
 Wereblood                Tmut           0%         N/A       54%         2
 Gell's Gravitas          Tloc           0%         N/A       77%         3
 Spider Form              Tmut/Pois      0%         N/A       77%         3
 Stone Arrow              Conj/Erth      0%         3d7       77%         3
 Summon Guardian Golem    Hex/Summ       0%         N/A       77%         3
 Teleport Other           Tloc           0%         N/A       77%         3
 Animate Armour           Summ/Erth      0%         N/A       99%         4
 Orb of Destruction       Conj           0%         9d5       100%        7
 Spellforged Servitor     Conj/Summ      0%         N/A       100%        7
 Lehudib's Crystal Spear  Conj/Erth      0%         10d2      100%        8


Dungeon Overview and Level Annotations

Branches:
Dungeon (11/15)            Temple (0/1) D:7            Lair (0/5) D:11
Gauntlet (1/1)
    Orc: D:9-12

Altars:
Ashenzari
Cheibriados
Dithmenos
Elyvilon
Kikubaaqudgha
Makhleb
Ru
Sif Muna
Vehumet

Shops:
D:6 *[??(

Annotations:
D:5 exclusion: water moccasin
D:10 2 exclusions Gauntlet 9 transporters


Innate Abilities, Weirdness & Mutations

You are too large for most types of armour.
You have claws for hands.
Your natural rate of healing is unusually fast.
You are covered in fur. (AC +1)
You have tough skin. (AC +1)


Message History

The fireball engulfs the fire elemental.
The fire elemental completely resists.
The hell hound bites you.
* * * LOW HITPOINT WARNING * * *
You feel better. The fire elemental barely misses you.
The hell hound breathes flames at you. The blast of flame hits you. You resist.
* * * LOW HITPOINT WARNING * * *
The fire elemental barely misses you.
You feel better. The hell hound barely misses you. The fire elemental hits you.
The fire elemental burns you! You resist.
* * * LOW HITPOINT WARNING * * *
The hell hound closely misses you.
Aiming: Major Destruction (1% risk of failure)
Press: ? - help, Shift-Dir - straight line, f - efreet
Aim: an efreet, wielding a +2 scimitar of flaming The bolt of acid hits the hell hound!
The acid corrodes the hell hound!
You kill the hell hound!
Makhleb accepts your kill.
You feel better.
The bolt of acid hits the efreet!
The acid corrodes the efreet!
The efreet is moderately wounded.
The fire elemental hits you. The fire elemental burns you! You resist.
* * * LOW HITPOINT WARNING * * *
The efreet gestures at you.
The fireball explodes!
The fireball engulfs you. You resist.
* * * LOW HITPOINT WARNING * * *
The fireball engulfs the fire elemental.
The fire elemental completely resists.
Aiming: Major Destruction (1% risk of failure)
Press: ? - help, Shift-Dir - straight line, f/p - efreet
Aim: an efreet, wielding a +2 scimitar of flaming (moderately wounded, covered in acid)
The bolt of fire hits the efreet.
The efreet completely resists.
The efreet is moderately wounded.
The fire elemental hits you. The fire elemental burns you! You resist.
* * * LOW HITPOINT WARNING * * *
You scratch the efreet.
The efreet is moderately wounded.
The fire elemental closely misses you.
The efreet hits you with a +2 scimitar of flaming!
You die...

......32#...#########...##.....
#########...............§##..##
................8.....8.## #...
...8.....8..............§## ###
...........###########...§#
########...##.#.######...##
#.#.#.##...#.#.##..#.#...≈#
.#.#.#B#####.##.##.=##...##
#.#.#[##†..##E#R@###°#...≈#
.#.#^#s#©8©###○#E##☼©#.8.##
#.#©#.##...#..☼○###.!#...≈#
.#.#.#?######.#.#.##}#...##
#.#.#.##...#.#.......#...§#
########...#.##.#.#.°#...##
...........###########...≈#
...8.....8...§...........##
................8......8.≈#


You could see an efreet (corroded) and a fire elemental.

Vanquished Creatures
  5 two-headed ogres
  Sonja (D:11)
  A cyclops (D:10)
  A gargoyle (D:10)
  Maggie (D:8)
  A kobold demonologist (D:10)
  A troll (D:6)
  2 shadows
  A wyvern (D:9)
  A wraith (D:9)
  12 yaks
  2 steam dragons
  A redback (Gauntlet)
  A vampire mosquito (D:10)
  Menkaure (D:7)
  An acid dragon (D:10)
  3 hell hounds (Gauntlet)
  3 orc warriors
  An ice beast (D:6)
  2 black bears
  2 ogres
  2 centaurs
  4 phantoms
  4 kobold brigands
  4 bullfrogs
  3 gnoll sergeants
  2 scorpions
  A wight (D:8)
  12 killer bees
  3 howler monkeys (D:7)
  2 jellies
  6 orc priests
  5 hounds (D:5)
  Crazy Yiuf (D:5)
  2 iguanas
  Ijyb (D:3)
  10 orc wizards
  A sleepcap (D:6)
  14 gnolls
  7 adders
  3 shadow imps
  An ufetubus (D:6)
  2 dart slugs
  31 orcs
  4 ball pythons
  8 bats
  3 endoplasms
  5 giant cockroaches
  6 goblins
  5 hobgoblins
  12 kobolds
  4 quokkas
  4 frilled lizards
  4 rats
220 creatures vanquished.

Vanquished Creatures (collateral kills)
  2 hornets
  3 wights (D:8)
  A howler monkey (D:9)
  An orc priest (D:9)
  An orc wizard (D:9)
  3 orcs (D:9)
11 creatures vanquished.

Grand Total: 231 creatures vanquished

Notes
Turn   | Place    | Note
-------+----------+-------------------------------------------
     0 | D:1      | freelancePsychic the Troll Wanderer began the quest for the
                  | Orb.
     0 | D:1      | freelancePsychic set off with the following items: a +2
                  | spear, a +0 quarterstaff, a +0 hat, a potion of haste
                  | {@q3}, a +0 robe.
     0 | D:1      | Reached XP level 1. HP: 19/19 MP: 1/1
   146 | D:1      | Reached skill level 1 in Unarmed Combat
   150 | D:1      | Reached XP level 2. HP: 27/27 MP: 2/2
   661 | D:2      | Reached XP level 3. HP: 35/35 MP: 3/3
   671 | D:2      | Found a faded altar of an unknown god.
   748 | D:2      | Prayed at the altar of an unknown god.
   748 | D:2      | Became a worshipper of Makhleb the Destroyer
   748 | D:2      | Reached * piety under Makhleb
  1537 | D:3      | Reached XP level 4. HP: 42/42 MP: 4/4
  1577 | D:3      | Reached skill level 1 in Invocations
  1586 | D:3      | Noticed Ijyb
  1607 | D:3      | Killed Ijyb
  2066 | D:3      | Reached ** piety under Makhleb
  2587 | D:4      | Reached XP level 5. HP: 50/50 MP: 5/5
  2750 | D:4      | Found an ancient bone altar of Kikubaaqudgha.
  2759 | D:4      | Found a radiant altar of Vehumet.
  2989 | D:5      | Entered Level 5 of the Dungeon
  2991 | D:5      | Noticed a centaur
  3002 | D:5      | Killed a centaur
  3012 | D:5      | Noticed a phantom
  3022 | D:5      | Killed a phantom
  3023 | D:5      | Reached XP level 6. HP: 56/61 MP: 6/6
  3164 | D:5      | Noticed a water moccasin
  3198 | D:5      | Found a runed translucent door.
  3199 | D:5      | Noticed Crazy Yiuf
  3209 | D:5      | Killed Crazy Yiuf
  3357 | D:5      | Reached XP level 7. HP: 39/68 MP: 8/8
  3897 | D:5      | Noticed a steam dragon
  3909 | D:5      | Killed a steam dragon
  4255 | D:6      | Found Hicaoggi's Magic Scroll Shoppe.
  4373 | D:6      | Bought a scroll of revelation for 112 gold pieces
  4423 | D:6      | Found a shadowy altar of Dithmenos.
  4437 | D:6      | Noticed a steam dragon
  4445 | D:6      | Noticed a troll
  4454 | D:6      | Killed a steam dragon
  4455 | D:6      | Reached skill level 5 in Unarmed Combat
  4465 | D:6      | Killed a troll
  4466 | D:6      | Reached XP level 8. HP: 29/79 MP: 10/10
  4533 | D:6      | Found Hoimit's Weapon Shoppe.
  4698 | D:6      | Reached skill level 5 in Fighting
  4698 | D:6      | Reached skill level 1 in Axes
  4723 | D:6      | Reached skill level 5 in Invocations
  4781 | D:6      | Found Zumisise's Assorted Antiques.
  4787 | D:6      | Bought a scroll labelled UPEROU XIRURO for 27 gold pieces
  4812 | D:6      | Reached *** piety under Makhleb
  4851 | D:6      | Found Daren's Antique Armour Shop.
  4980 | D:6      | Found Ceih's Magic Scroll Shoppe.
  4988 | D:6      | Bought a scroll of poison for 60 gold pieces
  5201 | D:7      | Reached XP level 9. HP: 89/89 MP: 12/12
  5315 | D:7      | Found a staircase to the Ecumenical Temple.
  5411 | D:7      | Noticed Menkaure
  5417 | D:7      | Killed Menkaure
  5691 | D:7      | Found a snail-covered altar of Cheibriados.
  5692 | D:7      | Found a shimmering blue altar of Sif Muna.
  5692 | D:7      | Found a white marble altar of Elyvilon.
  5752 | D:8      | Reached **** piety under Makhleb
  5798 | D:8      | Got Haidghack's Quotidian Mysticism
  5821 | D:8      | Paralysed by a hornet for 3 turns
  6074 | D:8      | Reached XP level 10. HP: 101/102 MP: 14/14
  6095 | D:8      | Reached skill level 5 in Axes
  6114 | D:8      | Noticed Maggie
  6129 | D:8      | Killed Maggie
  7108 | D:9      | Found a sacrificial altar of Ru.
  7236 | D:9      | Noticed a two-headed ogre
  7252 | D:9      | Killed a two-headed ogre
  7472 | D:9      | Reached ***** piety under Makhleb
  7540 | D:9      | Noticed a two-headed ogre
  7553 | D:9      | Killed a two-headed ogre
  7554 | D:9      | Reached XP level 11. HP: 60/113 MP: 16/16
  7684 | D:10     | Entered Level 10 of the Dungeon
  7684 | D:10     | Found a broken altar of Ashenzari.
  7712 | D:10     | Noticed a two-headed ogre
  7714 | D:10     | Noticed a skeletal warrior
  7754 | D:9      | Killed a two-headed ogre
  8034 | D:10     | Noticed a two-headed ogre
  8046 | D:10     | Killed a two-headed ogre
  8231 | D:10     | Noticed a two-headed ogre
  8246 | D:10     | Killed a two-headed ogre
  8493 | D:10     | Noticed a two-headed ogre
  8549 | D:10     | Noticed a boulder beetle
  8555 | D:10     | Paralysed by a hornet for 2 turns
  8639 | D:11     | Found a gate leading to a gauntlet.
  8644 | D:11     | Noticed Sonja
  8648 | D:11     | Killed Sonja
  8652 | Gauntlet | Entered a Gauntlet
  8652 | Gauntlet | Found a transporter.
  8654 | Gauntlet | Noticed a cacodemon
  8661 | Gauntlet | Found a transporter.
  8674 | Gauntlet | Found a transporter.
  8678 | Gauntlet | Found a transporter.
  8684 | Gauntlet | Noticed a hell hog
  8690 | Gauntlet | Found a transporter.
  8708 | Gauntlet | Found a transporter.
  8721 | Gauntlet | Found a transporter.
  8738 | Gauntlet | Found a transporter.
  8742 | Gauntlet | Found a transporter.
  8744 | Gauntlet | Noticed an entropy weaver
  8750 | Gauntlet | Found a transporter.
  8774 | Gauntlet | Found a transporter.
  8775 | Gauntlet | Found a transporter.
  9029 | Gauntlet | HP: 1/115 [fire elemental (7)]
  9030 | Gauntlet | Slain by an efreet

Illustrated notes

Levels and vault maps discovered:
D:1:      spicycebolla_green_bress_n_ham, layout_rooms
D:2:      layout_loops_corners, chequers_ecumenical_altar_simple
D:3:      minmay_general_purpose_star, layout_basic, kennysheep_generic_room_9,
          uniq_ijyb
D:4:      layout_loops_corners, mainiacjoe_overflow_swirl
D:5:      layout_basic, uniq_crazy_yiuf_cottage
D:6:      layout_loops_ring, grunt_dithmenos_smoke, serial_shops,
          nicolae_diamond_shop, shop, shop_statue,
          nicolae_shop_bloodbath_and_beyond, nicolae_shop_advertising_works
          [nicolae_subvault_shop_adworks], minmay_pentangle
D:7:      layout_basic, chequers_temple_overflow_statue_of_worship,
          minmay_temple_entry_sparse_star, hex_medium, uniq_menkaure
D:8:      layout_rooms, grunt_decor_mini_mirrors, st_stairs_3, minivault_4,
          uniq_maggie
D:9:      layout_loops_corners, hangedman_ru_absence, st_stairs_3,
          grunt_ministairs_10, minmay_crystal_room
D:10:     minmay_the_grid_square_5x5_4x4 [minmay_the_grid_square_5x5_gyroscope,
          minmay_the_grid_square_5x5_hourglass,
          minmay_the_grid_square_5x5_three, minmay_the_grid_square_5x5_shuriken,
          minmay_the_grid_square_5x5_three_walls,
          minmay_the_grid_square_5x5_prize_rear_guard,
          minmay_the_grid_square_5x5_prize_deathbox,
          minmay_the_grid_square_5x5_inner_v, minmay_the_grid_square_5x5_seven,
          minmay_the_grid_square_5x5_prize_monsterx,
          minmay_the_grid_square_5x5_prize_junk,
          minmay_the_grid_square_5x5_minimal,
          minmay_the_grid_square_5x5_almost_minimal,
          minmay_the_grid_square_5x5_eight, minmay_the_grid_square_5x5_moneybag,
          minmay_the_grid_square_5x5_inverted_slash], layout_cave_pods,
          nicolae_ashenzari_skybound, yredelemnul_altar_generic, minivault_19
D:11:     layout_cave_pools, hellmonk_lair_entry_icy, enter_trove_1,
          gauntlet_entry_generic, uniq_sonja, uniq_maurice, uniq_grum
Gauntlet: minmay_gauntlet_mixed_oops_all_seconds
          [minmay_gauntlet_arena_77_checkered,
          gammafunk_gauntlet_arena_split_diamond,
          minmay_gauntlet_arena_77_two_lines, gammafunk_gauntlet_arena_mazey,
          minmay_gauntlet_arena_77_broken_ladder, nicolae_gauntlet_swirl,
          nicolae_gauntlet_exit_dead_adventurers]

Skill      XL: |  1  2  3  4  5  6  7  8  9 10 11 |
---------------+----------------------------------+-----
Unarmed Combat | 1 2 3 4 5 |  5.6
Fighting       | 2 3 4 5 7 8 9 |  9.4
Invocations    | 1 2 3 4 5 7 8 9 |  9.8
Axes           | 2 4 6 7 |  7.7
Polearms       | |  2.4
Staves         | |  1.0
Dodging        | |  1.0
Stealth        | |  1.5
Spellcasting   | |  1.0

Action                     |  1- 3 |  4- 6 |  7- 9 | 10-12 || total
---------------------------+-------+-------+-------+-------++-------
  Melee: Unarmed           |   117 |   143 |   245 |   299 ||   804
         Punch             |     1 |     1 |    10 |    13 ||    25
  Throw: Dart              |     1 |     2 |     7 |     1 ||    11
 Invoke: Minor Destruction |       |       |    12 |    55 ||    67
         Lesser Servant of |       |       |     1 |     3 ||     4
         Major Destruction |       |       |       |     5 ||     5
  Evoke: Wand              |       |       |     3 |     4 ||     7
    Use: Scroll            |     3 |     2 |     4 |     7 ||    16
         Potion            |       |     2 |     1 |     6 ||     9
   Stab: Sleeping          |     4 |     4 |     5 |     2 ||    15
         Paralysed         |       |       |     5 |       ||     5
 Armour: Robe              |    55 |    64 |    17 |       ||   136
         Steam dragon scal |       |       |   137 |   141 ||   278
  Dodge: Dodged            |    55 |    80 |   118 |   136 ||   389

Table legend: (Time is in decaauts)
 A = Elapsed time spent in this place.
 B = Non-inter-level travel time spent in this place.
 C = Inter-level travel time spent in this place.
 D = Time resting spent in this place.
 E = Time spent auto-exploring this place.
 F = Levels seen in this place.
 G = Mean time per level.
                   A        B        C        D        E       F      G
               +--------+--------+--------+--------+--------+-----+--------+
         Total |   8949 |   8641 |    308 |    236 |   6526 |  12 |  745.8 |
       Dungeon |   8573 |   8265 |    308 |    115 |   6386 |  11 |  779.4 |
      Gauntlet |    376 |    376 |      0 |    121 |    140 |   1 |  376.0 |
               +--------+--------+--------+--------+--------+-----+--------+

Top non-repeatable levels by time:
     D:5: 1224 daAuts
     D:9: 1136 daAuts
     D:6: 884 daAuts
     D:4: 862 daAuts
     D:2: 854 daAuts
    D:10: 836 daAuts
     D:8: 791 daAuts
     D:3: 732 daAuts
     D:7: 654 daAuts
     D:1: 564 daAuts
Gauntlet: 376 daAuts
    D:11: 32 daAuts
